 Dungeon Crawl Stone Soup version 0.30-a0-728-gc68057be0a (webtiles) character file.

Game seed: 15567448603925456620

9 Crownlay the Chiller (level 2, -4/20 HPs)
             Began as a Gnoll Ice Elementalist on Jan 31, 2023.
             Slain by a gnoll
             ... wielding a +0 spear
              (6 damage)
             ... on level 1 of the Dungeon.
             The game lasted 00:00:36 (143 turns).

Crownlay the Chiller (Gnoll Ice Elementalist)        Turns: 143, Time: 00:00:36

Health: -4/20      AC:  2    Str:  7    XL:     2   Next: 12%
Magic:  0/7        EV: 13    Int: 14    God:
Gold:   12         SH:  0    Dex: 12    Spells: 9/10 levels left

rFire   . . .      SeeInvis .    (no weapon)
rCold   . . .      Faith    .    (no shield)
rNeg    . . .      Spirit   .    a - +0 robe
rPois   .          Reflect  .    (no helmet)
rElec   .          Harm     .    (no cloak)
rCorr   .          Rampage  .    (no gloves)
Will    .....                    (no boots)
Stlth   ++                       (no amulet)
HPRegen 0.23/turn                (no ring)
MPRegen 0.10/turn                (no ring)

@: no status effects
A: fangs 1, strong nose, distributed training
a: no special abilities


You were on level 1 of the Dungeon.
You visited 1 branch of the dungeon, and saw 1 of its levels.

You collected 12 gold pieces.

Inventory:

Armour
 a - a +0 robe (worn)
Scrolls
 c - a scroll of identify {unknown}
Potions
 b - a potion of magic
 d - a potion of curing {unknown}


   Skills:
 + Level 0.3 Fighting
 + Level 0.3 Short Blades
 + Level 0.3 Long Blades
 + Level 0.3 Axes
 + Level 0.3 Maces & Flails
 + Level 0.3 Polearms
 + Level 0.3 Staves
 + Level 0.3 Ranged Weapons
 + Level 0.3 Throwing
 + Level 0.3 Armour
 + Level 4.4 Dodging
 + Level 4.0 Stealth
 + Level 0.3 Shields
 + Level 0.3 Unarmed Combat
 + Level 4.9 Spellcasting
 + Level 0.2 Conjurations
 + Level 0.2 Hexes
 + Level 0.2 Summonings
 + Level 0.2 Necromancy
 + Level 0.2 Translocations
 + Level 0.2 Transmutations
 + Level 0.2 Fire Magic
 + Level 7.0 Ice Magic
 + Level 0.2 Air Magic
 + Level 0.2 Earth Magic
 + Level 0.2 Poison Magic
 + Level 0.4 Invocations
 + Level 0.3 Evocations


You had 9 spell levels left.
You knew the following spells:

 Your Spells              Type           Power      Damage    Failure   Level
a - Freeze                Ice            92%        1d9       1%          1

Your spell library contained the following spells:

 Spells                   Type           Power      Damage    Failure   Level
 Frozen Ramparts          Ice            46%        1d7       3%          3
 Ozocubu's Armour         Ice            23%        N/A       3%          3
 Summon Ice Beast         Ice/Summ       13%        N/A       36%         4


Dungeon Overview and Level Annotations

Branches:
Dungeon (1/15)

Altars:


Innate Abilities, Weirdness & Mutations

You have very sharp teeth.
Your uncanny sense of smell can sniff out nearby items.
Your experience applies equally to all skills.


Message History

You are frozen.
You hit the endoplasm.
You kill the endoplasm!
You hit the ball python.
The ball python is severely wounded.
The ball python misses you. The ball python grabs you.
The ball python constricts you. The gnoll barely misses you.
The ball python barely misses you. The ball python constricts you.
You closely miss the ball python. Your bite misses the ball python.
The ball python is severely wounded.
The ball python closely misses you. The ball python constricts you.
The gnoll closely misses you.
You closely miss the ball python.
The ball python is severely wounded.
The ball python bites you. The ball python constricts you.
The gnoll hits you from afar with a +0 spear.
* * * LOW HITPOINT WARNING * * *
Casting: Freeze (safe; 1% risk of failure)
Confirm with . or Enter, or press ? or * to list all spells.
Okay, then.
Casting: Freeze (safe; 1% risk of failure)
Confirm with . or Enter, or press ? or * to list all spells.
Aiming: Freeze (safe; 1% risk of failure)
Press: ? - help, Shift-Dir - straight line, f - ball python
Aim: a ball python (severely wounded, constricting you)
You freeze the ball python.
You kill the ball python!
The gnoll hits you from afar with a +0 spear.
* * * LOW HITPOINT WARNING * * *
The gnoll misses you.
Casting: Freeze (safe; 1% risk of failure)
Confirm with . or Enter, or press ? or * to list all spells.
Aiming: Freeze (safe; 1% risk of failure)
Press: ? - help, Shift-Dir - straight line, f - gnoll
Aim: a gnoll, wielding a +0 spear You freeze the gnoll.
The gnoll is moderately wounded.
The gnoll barely misses you.
The gnoll hits you from afar with a +0 spear.
You die...

..#...#...##
##.......#
#######.# #.# #.#
#K# #.# ########.#
#....@.#.#
#######.####.gK#
...........#####
### ##+#######.#
#.. .#.#
#.###########.#.#
#.#.........#.#.#
#.#.###.###.#.#.#
#.#.#.....#.#.#.###


You could see a gnoll and a kobold.

Vanquished Creatures
  An endoplasm (D:1)
  2 giant cockroaches (D:1)
  3 hobgoblins (D:1)
  A ball python (D:1)
7 creatures vanquished.

Notes
Turn   | Place    | Note
-------+----------+-------------------------------------------
     0 | D:1      | Crownlay the Gnoll Ice Elementalist began the quest for the
                  | Orb.
     0 | D:1      | Reached XP level 1. HP: 13/13 MP: 6/6
   115 | D:1      | Reached XP level 2. HP: 13/19 MP: 0/7
   135 | D:1      | HP: 1/20 [gnoll/+0 spear (5)]
   143 | D:1      | Slain by a gnoll

Illustrated notes

Levels and vault maps discovered:
D:1:      matt_arrival_refuge, layout_loops_ring, serial_park_tiny_pond,
          minmay_misc_feat_four_crosses

Action                     || total
---------------------------++-------
  Melee: Unarmed           ||     7
         Bite              ||     1
   Cast: Freeze            ||    11
  Dodge: Dodged            ||    17

Table legend: (Time is in decaauts)
 A = Elapsed time spent in this place.
 B = Non-inter-level travel time spent in this place.
 C = Inter-level travel time spent in this place.
 D = Time resting spent in this place.
 E = Time spent auto-exploring this place.
 F = Levels seen in this place.
 G = Mean time per level.
                   A        B        C        D        E       F      G
               +--------+--------+--------+--------+--------+-----+--------+
         Total |    143 |    143 |      0 |      0 |     91 |   1 |  143.0 |
       Dungeon |    143 |    143 |      0 |      0 |     91 |   1 |  143.0 |
               +--------+--------+--------+--------+--------+-----+--------+

Top non-repeatable levels by time:
     D:1: 143 daAuts
